 Dungeon Sprint DCSS version 0.21.2 (webtiles) character file.

9330 Fang the Severer (level 11, 0/120 HPs)
             Began as a Gargoyle Berserker on Dec 19, 2018.
             Was the Champion of Trog.
             Slain by a merfolk impaler
             ... wielding a +6 trident of flaming
              (7 damage)
             ... in the Dungeon (Sprint VII: "The Pits").
             The game lasted 00:04:03 (2011 turns).

Fang the Severer (Gargoyle Berserker)               Turns: 2011, Time: 00:04:03

Health: 0/120      AC: 27    Str: 32    XL:     11   Next: 44%
Magic:  3/3        EV: 13    Int:  8    God:    Trog [******]
Gold:   0          SH:  0    Dex:  9    Spells: 10/10 levels left

rFire    . . .     SeeInvis .   s - +7 executioner's axe (antimagic)
rCold    . . .     Gourm    .   (shield currently unavailable)
rNeg     + . .     Faith    .   t - +4 chain mail
rPois    ∞         Spirit   .   (no helmet)
rElec    +         Reflect  .   (no cloak)
rCorr    .         Harm     .   (no gloves)
MR       .....     NoTele   +   (no boots)
Stlth    ..........             (no amulet)
HPRegen  0.30/turn              m - +3 ring of protection
MPRegen  0.08/turn              r - +3 ring of strength

@: berserking, very quick
A: negative energy resistance 1, electricity resistance, unbreathing,
petrification resistance, rot immunity, AC +8
a: Berserk, Trog's Hand, Brothers in Arms, Burn Spellbooks, Renounce Religion


You were in the Dungeon.
You worshipped Trog.
Trog was exalted by your worship.
You were very hungry.

You visited 1 branch

Inventory:

Hand Weapons
 j - a +3 battleaxe of chopping
 n - a +0 hand axe of freezing
 o - a +3 antimagic executioner's axe
 s - a +7 antimagic executioner's axe (weapon)
Armour
 t - a +4 chain mail (worn)
Jewellery
 m - a +3 ring of protection (left hand)
 r - a +3 ring of strength (right hand)
Wands
 b - a wand of iceblast (10)
Scrolls
 i - a scroll of blinking
 k - 3 scrolls of remove curse
 l - a scroll of summoning
Potions
 a - 2 potions of invisibility
 d - 6 potions of curing
 e - 5 potions of heal wounds
 f - a potion of haste
 g - 4 potions of magic
 h - 3 potions of berserk rage
 p - 4 potions of might
 q - 4 potions of agility
 u - a potion of degeneration {unknown}
Comestibles
 c - 8 rations
 v - a chunk of flesh


   Skills:
 + Level 14.1 Fighting
 + Level 16.6 Axes
 + Level 12.9 Armour
 + Level 8.4 Dodging
 + Level 5.3 Stealth


You had 10 spell levels left.
You didn't know any spells.

Dungeon Overview and Level Annotations

Branches:
Dungeon (1/1)

Altars:
Ashenzari
Cheibriados
Dithmenos
Elyvilon
Fedhas
Gozag
Hepliaklqana
Kikubaaqudgha
Makhleb
Nemelex Xobeh
Okawaru
Qazlal
Ru
Sif Muna
Trog
Uskayaw
Vehumet
Wu Jian
Xom
Yredelemnul
Zin
The Shining One
Beogh
Jiyva
Lugonu


Innate Abilities, Weirdness & Mutations

You are resistant to torment.
Your stone body is resilient. (AC +8)
You are immune to poison.
You resist negative energy. (rN+)
You are resistant to electric shocks. (rElec)
You can survive without breathing.
You are immune to petrification.
You are immune to rotting.


Message History

You miss the merfolk impaler.
The merfolk impaler hits you with a trident of flaming.
* * * LOW HITPOINT WARNING * * *
The merfolk impaler burns you.
* * * LOW HITPOINT WARNING * * *
Unknown command.
You slice the merfolk impaler!!
The merfolk impaler is moderately wounded.
The merfolk impaler barely misses you.
Your cyclops hits the merfolk impaler!!!
Unknown command.
You miss the merfolk impaler.
The merfolk impaler is almost dead.
The merfolk impaler closely misses you.
Unknown command.
You barely miss the merfolk impaler.
The merfolk impaler is almost dead.
Your cyclops completely misses the merfolk impaler.
The merfolk impaler hits you with a trident of flaming!
You die...

### ##########
..###...##....##
)..#...##......
#.....####....####
##...##..##..##..##
.'[..#............#
.#..)#[...#..#..C.##+#
.'.†.)...()(()†.@m...#
.#.))#..).#..#.)..##+#
.'.).#............#
##...##..##..##..##
#.....####....####
...#...##......#
..###...##....## ##
##########


You could see a merfolk impaler and a friendly cyclops (berserk).

Vanquished Creatures
  A sea snake (D)
  Pikel (D)
  An orc sorcerer (D)
  A guardian serpent (D)
  A manticore (D)
  A smoke demon (D)
  A gargoyle (D)
  An efreet (D)
  A guardian mummy (D)
  A polar bear (D)
  A merfolk (D)
  Prince Ribbit (D)
  2 blink frogs (D)
  11 dream sheep (D)
  A flying skull (D)
  A spriggan (D)
  A hungry ghost (D)
  A warg (D)
  A floating eye (D)
  A porcupine (D)
  A necrophage (D)
  6 wolves (D)
  A centaur (D)
  An ogre (D)
  A crocodile (D)
  A big kobold (D)
  A scorpion (D)
  An orc priest (D)
  An orc wizard (D)
  A hell rat (D)
  2 gnolls (D)
  2 adders (D)
  3 ufetubi (D)
  A worm (D)
  3 orcs (D)
  A bat skeleton (D)
  A goblin (D)
  2 hobgoblins (D)
  A quokka (D)
  A ball python (D)
  A bat (D)
  A frilled lizard (D)
  A kobold (D)
66 creatures vanquished.

Vanquished Creatures (collateral kills)
  A deep elf mage (D)
  A wolf spider (D)
  An orc knight (D)
  A lindwurm (D)
  An orange demon (D)
  A spiny frog (D)
  2 merfolk (D)
  A blink frog (D)
  A tarantella (D)
  Grum (D)
  A porcupine (D)
  A sky beast (D)
  4 wolves (D)
  An orc priest (D)
18 creatures vanquished.

Vanquished Creatures (others)
  2 slaves (D)
  An orc (D)
  A bat (D)
4 creatures vanquished.

Grand Total: 88 creatures vanquished

Notes
Turn   | Place    | Note
-------+----------+-------------------------------------------
     0 | D        | Fang the Gargoyle Berserker began the quest for the Orb.
     0 | D        | Reached XP level 1. HP: 14/14 MP: 1/1
    20 | D        | Reached skill level 3 in Axes
   182 | D        | Noticed a floating eye
   185 | D        | Paralysed by a floating eye for 2 turns
   188 | D        | Paralysed by a floating eye for 4 turns
   194 | D        | Killed a floating eye
   194 | D        | Reached skill level 5 in Axes
   194 | D        | Reached XP level 2. HP: 23/23 MP: 2/2
   194 | D        | Reached XP level 3. HP: 28/28 MP: 3/3
   194 | D        | Reached XP level 4. HP: 32/32 MP: 4/4
   196 | D        | Reached ** piety under Trog
   196 | D        | Reached skill level 6 in Axes
   308 | D        | Noticed an ogre
   310 | D        | Reached XP level 5. HP: 34/37 MP: 5/5
   312 | D        | Reached *** piety under Trog
   313 | D        | Killed an ogre
   313 | D        | Reached skill level 7 in Axes
   403 | D        | Found a bloodstained altar of Trog.
   403 | D        | Found a deep blue altar of Sif Muna.
   403 | D        | Found a viscous altar of Jiyva.
   403 | D        | Found a hazy altar of Hepliaklqana.
   403 | D        | Found an opulent altar of Gozag.
   404 | D        | Found a glowing golden altar of the Shining One.
   404 | D        | Found a glowing silver altar of Zin.
   404 | D        | Found a basalt altar of Yredelemnul.
   404 | D        | Found a shimmering altar of Xom.
   404 | D        | Found an ornate altar of the Wu Jian Council.
   404 | D        | Found a sacrificial altar of Ru.
   404 | D        | Found a stormy altar of Qazlal.
   404 | D        | Found an iron altar of Okawaru.
   404 | D        | Found a sparkling altar of Nemelex Xobeh.
   404 | D        | Found a burning altar of Makhleb.
   404 | D        | Found a blossoming altar of Fedhas.
   404 | D        | Found a white marble altar of Elyvilon.
   404 | D        | Found a shadowy altar of Dithmenos.
   404 | D        | Found a snail-covered altar of Cheibriados.
   405 | D        | Found a radiant altar of Vehumet.
   405 | D        | Found a corrupted altar of Lugonu.
   405 | D        | Found a roughly hewn altar of Beogh.
   406 | D        | Found a hide-covered altar of Uskayaw.
   406 | D        | Found an ancient bone altar of Kikubaaqudgha.
   406 | D        | Found a shattered altar of Ashenzari.
   431 | D        | Noticed a wolf
   432 | D        | Noticed a flying skull
   440 | D        | Killed a flying skull
   440 | D        | Reached skill level 8 in Axes
   440 | D        | Reached skill level 1 in Stealth
   440 | D        | Reached XP level 6. HP: 46/46 MP: 6/6
   442 | D        | Reached **** piety under Trog
   442 | D        | Reached skill level 9 in Axes
   442 | D        | Reached skill level 5 in Armour
   442 | D        | Reached XP level 7. HP: 51/51 MP: 7/7
   693 | D        | Noticed a hungry ghost
   718 | D        | Killed a hungry ghost
   718 | D        | Reached ***** piety under Trog
   718 | D        | Reached skill level 5 in Dodging
   737 | D        | Reached skill level 10 in Axes
   748 | D        | Reached skill level 10 in Fighting
   839 | D        | Noticed a dream sheep
   839 | D        | Noticed a dream sheep
   839 | D        | Noticed a dream sheep
   839 | D        | Noticed a dream sheep
   839 | D        | Noticed a dream sheep
   840 | D        | Noticed a dream sheep
   847 | D        | Killed a dream sheep
   847 | D        | Reached XP level 8. HP: 58/58 MP: 8/8
   849 | D        | Killed a dream sheep
   849 | D        | Reached skill level 11 in Axes
   850 | D        | Received a gift from Trog
   851 | D        | Killed a dream sheep
   852 | D        | Killed a dream sheep
   853 | D        | Killed a dream sheep
   853 | D        | Reached skill level 12 in Axes
   853 | D        | Reached XP level 9. HP: 64/64 MP: 9/9
  1027 | D        | Noticed a smoke demon
  1036 | D        | Killed a smoke demon
  1036 | D        | Received a gift from Trog
  1195 | D        | Reached ****** piety under Trog
  1216 | D        | Noticed an orc sorcerer
  1220 | D        | Killed an orc sorcerer
  1220 | D        | Reached skill level 13 in Axes
  1362 | D        | Noticed a sea snake
  1366 | D        | Received a gift from Trog
  1373 | D        | Killed a sea snake
  1373 | D        | Reached XP level 10. HP: 52/72 MP: 10/10
  1464 | D        | Noticed an orc knight
  1465 | D        | Noticed an orange demon
  1466 | D        | Reached skill level 10 in Armour
  1470 | D        | Reached skill level 5 in Stealth
  1477 | D        | Received a gift from Trog
  1487 | D        | Killed an orange demon
  1487 | D        | Reached skill level 14 in Axes
  1489 | D        | HP: 2/72 [orc knight/broad axe (12)]
  1490 | D        | Killed an orc knight
  1739 | D        | Noticed a guardian serpent
  1741 | D        | Noticed a gargoyle
  1749 | D        | Killed a guardian serpent
  1749 | D        | Received a gift from Trog
  1752 | D        | Noticed a manticore
  1759 | D        | Reached skill level 15 in Axes
  1761 | D        | Killed a gargoyle
  1763 | D        | Killed a manticore
  1763 | D        | Received a gift from Trog
  1875 | D        | Reached XP level 11. HP: 72/78 MP: 3/11
  1917 | D        | Noticed Pikel
  1927 | D        | Killed Pikel
  1928 | D        | Noticed Grum
  1930 | D        | Noticed a wolf spider
  1931 | D        | Noticed a lindwurm
  1931 | D        | Noticed a deep elf mage
  1939 | D        | Noticed Prince Ribbit
  1941 | D        | Killed a wolf spider
  1942 | D        | Received a gift from Trog
  1942 | D        | Reached skill level 16 in Axes
  1948 | D        | Killed a lindwurm
  1951 | D        | Killed Grum
  1952 | D        | Killed a deep elf mage
  1952 | D        | Received a gift from Trog
  1966 | D        | Killed Prince Ribbit
  2001 | D        | Noticed a merfolk impaler
  2002 | D        | Received a gift from Trog
  2008 | D        | HP: 6/120 [merfolk impaler/trident of flaming (2)]
  2011 | D        | Slain by a merfolk impaler

Skill      XL: |  1  2  3  4  5  6  7  8  9 10 11 |
---------------+----------------------------------+-----
Axes           | 5 6 8 9 10 12 13 15 16 | 16.6
Fighting       | 6 9 10 11 12 13 14 | 14.1
Armour         | 3 4 5 6 7 9 12 | 12.9
Dodging        | 3 4 5 6 7 8 |  8.4
Stealth        | 1 2 3 4 5 |  5.3

Action                   |  1- 3 |  4- 6 |  7- 9 | 10-12 || total
-------------------------+-------+-------+-------+-------++-------
Melee: Hand axe          |    16 |    23 |    59 |       ||    98
       Broad axe         |       |       |    36 |       ||    36
       Battleaxe         |       |       |       |    39 ||    39
       Executioner's axe |       |       |       |    35 ||    35
Invok: Berserk           |       |     2 |     2 |     4 ||     8
       Brothers in Arms  |       |       |     1 |     3 ||     4
  Use: Potion            |       |       |       |     3 ||     3
  Eat: Chunk             |       |       |     5 |     5 ||    10
       Ration            |       |       |     1 |       ||     1
Armor: Animal skin       |     2 |     4 |       |       ||     6
       Scale mail        |       |     7 |    18 |       ||    25
       Chain mail        |       |       |    21 |    85 ||   106
Dodge: Dodged            |     4 |    34 |    50 |    88 ||   176
